 Dungeon Crawl Stone Soup version 0.21.1-1-g345015f (webtiles) character file.

68 poirepourri the Magician (level 4, 0/24 HPs)
             Began as a Deep Elf Conjurer on July 14, 2018.
             Succumbed to an adder's poison
             ... on level 2 of the Dungeon.
             The game lasted 00:02:14 (1645 turns).

poirepourri the Magician (Deep Elf Conjurer)        Turns: 1645, Time: 00:02:15

Health: 0/24       AC:  3    Str:  5    XL:     4   Next: 1%
Magic:  13/13      EV: 13    Int: 21    God:
Gold:   57         SH:  0    Dex: 15    Spells: 8/14 levels left

rFire    . . .     SeeInvis .   (no weapon)
rCold    . . .     Gourm    .   (no shield)
rNeg     . . .     Faith    .   a - +0 robe
rPois    .         Spirit   .   e - +0 helmet
rElec    .         Reflect  .   (no cloak)
rCorr    .         Harm     .   (no gloves)
MR       .....                  (no boots)
Stlth    ++........             (no amulet)
HPRegen  0.08/turn              (no ring)
MPRegen  0.13/turn              (no ring)

@: lethally poisoned (0 -> -15)
A: no striking features
a: no special abilities


You were on level 2 of the Dungeon.
You were not hungry.

You visited 1 branch of the dungeon, and saw 2 of its levels.

You collected 57 gold pieces.

Inventory:

Armour
 a - a +0 robe (worn)
 e - a +0 helmet (worn)
Scrolls
 d - 4 scrolls of identify
 h - a scroll of amnesia
 j - a scroll of enchant weapon {unknown}
Potions
 f - 2 potions of haste
 g - 2 potions of heal wounds
 i - a potion of cancellation
Books
 b - a book of Conjurations

   Spells                             Type                      Level
   a - Magic Dart                     Conjuration                  1
   b - Searing Ray                    Conjuration                  2
   c - Dazzling Spray                 Conjuration/Hexes            3
   d - Fulminant Prism                Conjuration/Hexes            4
   e - Force Lance                    Conjuration/Translocation    4
   f - Iskenderun's Mystic Blast      Conjuration                  4
Comestibles
 c - 4 rations


   Skills:
 - Level 2.4 Dodging
 - Level 2.4 Stealth
 + Level 5.9 Spellcasting
 - Level 4.3 Conjurations


You had 8 spell levels left.
You knew the following spells:

 Your Spells              Type           Power        Failure   Level  Hunger
a - Magic Dart            Conj           ###.         1%          1    None
b - Searing Ray           Conj           ###...       2%          2    None
c - Dazzling Spray        Conj/Hex       ###...       12%         3    ##.....


Dungeon Overview and Level Annotations

Branches:
Dungeon (2/15)

Altars:


Message History

The adder is heavily wounded.
* * * LOW HITPOINT WARNING * * *
You feel sick. The adder barely misses you. The adder bites you.
* * * LOW HITPOINT WARNING * * *
You are more poisoned.
The adder poisons you!
You hit the adder but do no damage.
The adder is moderately wounded.
* * * LOW HITPOINT WARNING * * *
You feel sick. The adder bites you but does no damage.
You hit the adder.
The adder is heavily wounded.
* * * LOW HITPOINT WARNING * * *
You feel sick. The adder bites you.
* * * LOW HITPOINT WARNING * * *
You are more poisoned.
The adder poisons you!
You hit the adder but do no damage.
The adder is heavily wounded.
You die...

###. .... ###.
#############
.............#
#...#...#...### ###
......S@......# ..#
#...#...#...#.# ###
..............# ..#
##################.# ..#
#..#.......# ####..# ..#
#.<#.####### #.....#
..###..#.#########.#.###
....#..............#.#
.##.#....###########.#


You could see an adder.

Vanquished Creatures
  2 adders (D:2)
  A worm (D:2)
  3 dart slugs
  3 leopard geckos (D:1)
  4 ball pythons
  3 bats
  3 giant cockroaches
  4 goblins
  4 hobgoblins
  3 kobolds
  4 frilled lizards
  5 rats
39 creatures vanquished.

Notes
Turn   | Place    | Note
-------+----------+-------------------------------------------
     0 | D:1      | poirepourri the Deep Elf Conjurer began the quest for the Orb.
     0 | D:1      | Reached XP level 1. HP: 10/10 MP: 6/6
   142 | D:1      | Reached skill level 4 in Spellcasting
   142 | D:1      | Reached XP level 2. HP: 15/15 MP: 3/9
   305 | D:1      | Learned a level 2 spell: Searing Ray
   774 | D:1      | Reached XP level 3. HP: 19/19 MP: 8/11
   846 | D:1      | Learned a level 3 spell: Dazzling Spray
   933 | D:2      | Reached skill level 5 in Spellcasting
  1548 | D:2      | Reached XP level 4. HP: 19/24 MP: 9/13
  1644 | D:2      | HP: 1/24 [adder (3)]
  1645 | D:2      | Succumbed to an adder's poison

Skill      XL: |  1  2  3 |
---------------+----------+-----
Spellcasting   | 4 5 |  5.9
Dodging        | |  2.4
Stealth        | |  2.4
Conjurations   | |  4.3

Action                   |  1- 3 |  4- 6 || total
-------------------------+-------+-------++-------
Melee: Unarmed           |       |    14 ||    14
 Cast: Magic Dart        |    74 |     1 ||    75
       Searing Ray       |     4 |       ||     4
  Use: Scroll            |     7 |       ||     7
  Eat: Ration            |     1 |       ||     1
Armor: Robe              |       |     2 ||     2
Dodge: Dodged            |     6 |     8 ||    14
